 Dungeon Crawl Stone Soup version 0.29.1-13-g9f3cf754e1 (webtiles) character file.

Game seed: 135176879428065293

14 hawla the Chiller (level 2, -2/20 HPs)
             Began as a Meteoran Ice Elementalist on Jan 23, 2023.
             Killed from afar by Natasha (8 damage)
             ... with a magic dart
             ... on level 2 of the Dungeon.
             The game lasted 00:01:24 (190 turns).

hawla the Chiller (Meteoran Ice Elementalist)        Turns: 190, Time: 00:01:26

Health: -2/20      AC:  2    Str:  9    XL:     2   Next: 76%
Magic:  2/6        EV: 12    Int: 16    God:
Gold:   27         SH:  0    Dex: 14    Spells: 5/6 levels left

rFire   . . .      SeeInvis .   (no weapon)
rCold   . . .      Faith    .   (no shield)
rNeg    . . .      Spirit   .   a - +0 robe
rPois   .          Reflect  .   (no helmet)
rElec   .          Harm     .   (no cloak)
rCorr   .          Rampage  .   (no gloves)
Will    .....                   (no boots)
Stlth   +.........              (no amulet)
HPRegen 0.06/turn               (no ring)
MPRegen 0.10/turn               (no ring)

@: glowing
A: sense surroundings 1, otherworldly, glowing, explore regen
a: no special abilities


You were on level 2 of the Dungeon.
You visited 1 branch of the dungeon, and saw 3 of its levels.

You collected 27 gold pieces.

Inventory:

Armour
 a - a +0 robe (worn)
Wands
 c - a wand of iceblast (13)
Potions
 b - a potion of magic


   Skills:
 + Level 2.6 Dodging
 - Level 1.4 Stealth
 + Level 2.9 Spellcasting
 + Level 4.9 Ice Magic


You had 5 spell levels left.
You knew the following spells:

 Your Spells              Type           Power      Damage    Failure   Level
a - Freeze                Ice            72%        1d9       2%          1

Your spell library contained the following spells:

 Spells                   Type           Power      Damage    Failure   Level
 Frozen Ramparts          Ice            36%        1d6       8%          3
 Ozocubu's Armour         Ice            18%        N/A       8%          3
 Hailstorm                Conj/Ice       10%        3d5       56%         4


Dungeon Overview and Level Annotations

Branches:
Dungeon (3/15) Zot: 1609

Altars:

Annotations:
D:2 Natasha


Innate Abilities, Weirdness & Mutations

You passively map a small area around you.
You are easily found by Zot.
You glow in the dark.
You regain HP and MP as you explore.


Message History

Natasha zaps a wand.
You resist with significant effort.
Found a plate armour.
Natasha casts a spell at you. The magic dart hits you.
* * * LOW HITPOINT WARNING * * *
You see here a +0 plate armour.
Found 5 stones.
You see here 5 stones.
A kobold comes into view. It is wielding a +0 dagger.
Natasha mumbles some strange words.
Natasha mumbles some strange words.
Found a lead wand.
The kobold hits you with a +0 dagger.
Casting: Freeze (safe; 2% risk of failure)
Confirm with . or Enter, or press ? or * to list all spells.
Aiming: Freeze (safe; 2% risk of failure)
Press: ? - help, Shift-Dir - straight line, f - kobold
Aim: a kobold, wielding a +0 dagger You freeze the kobold.
The kobold is moderately wounded.
The kobold hits you with a +0 dagger.
* * * LOW HITPOINT WARNING * * *
Casting: Freeze (safe; 2% risk of failure)
Confirm with . or Enter, or press ? or * to list all spells.
Aiming: Freeze (safe; 2% risk of failure)
Press: ? - help, Shift-Dir - straight line, f/p - kobold
Aim: a kobold, wielding a +0 dagger (moderately wounded)
You freeze the kobold.
The kobold is severely wounded.
The kobold hits you but does no damage.
Unknown command.
Casting: Freeze (safe; 2% risk of failure)
Confirm with . or Enter, or press ? or * to list all spells.
Aiming: Freeze (safe; 2% risk of failure)
Press: ? - help, Shift-Dir - straight line, f/p - kobold
Aim: a kobold, wielding a +0 dagger (severely wounded)
You freeze the kobold!
You kill the kobold!
Natasha casts a spell at you. The magic dart hits you!
You die...

,
#.#..##.#†..
* * *
##.../..#
#...!.#.....
.......#
#.(.........
** ......#
#.......##..
, .....
#.......##.#
, , ....
#.......##)#
, , , ..#
#.......##.#
#)#
#.########.#
#@# #.# #.#
#.# #.# #.#
#.# #h# * .
#.# #.# #
#h# #.# #.#
#.# #5# #.#
#.# #.#
#.#####.#


You could see Natasha and a shadow imp (summoned).

Vanquished Creatures
  An adder (D:2)
  An endoplasm (D:2)
  A goblin (D:2)
  A hobgoblin (D:3)
  A kobold (D:2)
  A rat (D:2)
6 creatures vanquished.

Notes
Turn   | Place    | Note
-------+----------+-------------------------------------------
     0 | D:1      | hawla the Meteoran Ice Elementalist began the quest for the
                  | Orb.
     0 | D:1      | Reached XP level 1. HP: 14/14 MP: 5/5
   107 | D:2      | Reached XP level 2. HP: 20/20 MP: 3/6
   158 | D:2      | Noticed Natasha
   190 | D:2      | Killed from afar by Natasha

Illustrated notes

Levels and vault maps discovered:
D:1:      giann_bridges, layout_basic, basic_ecumenical_altar,
          minmay_misc_feat_square, minmay_hedge_maze, kennysheep_doodads
D:2:      layout_basic, basic_altar, uniq_natasha
D:3:      layout_loops_ring, overflow_temple_1_default, st_stairs_1,
          uniq_crazy_yiuf_cottage

Action                   || total
-------------------------++-------
 Cast: Freeze            ||    13
Armor: Robe              ||     2
Dodge: Dodged            ||     3
